Description

A build that pressure your opponent to mess up their build order and hit them with a good old 2 base all in

VOD

https://www.youtube.com/watch?v=9WbXgaLr_eA

Replay - Bunny v herO: Game 1 - [ESL] Waterfall

Build Order

Get SALT Encoding   

  12  0:00  SCV  
  13  0:12  SCV  
  14  0:17  Supply Depot  
  14  0:24  SCV  
  15  0:38  SCV  
  15  0:40  Barracks  
  16  0:42  Refinery  
  16  0:50  SCV  
  17  0:59  Barracks  
  17  1:02  SCV  
  18  1:11  Supply Depot  
  18  1:16  SCV  
  19  1:27  Reaper  
  20  1:32  Orbital Command  
  20  1:45  Reaper  
  21  1:59  SCV  
  22  2:01  Reaper  
  23  2:11  SCV  
  23  2:13  Command Center  
  24  2:17  Marine  
  25  2:23  SCV  
  26  2:32  Refinery  
  26  2:33  Marine  
  27  2:44  Factory  
  28  2:46  Supply Depot, Marine  
  29  2:52  Marine  
  31  3:07  Marine x2  
  32  3:25  Marine  
  33  3:28  Orbital Command  
  33  3:30  Factory Tech Lab  
  33  3:32  Barracks Reactor  
  32  3:39  Starport  
  33  3:43  Marine  
  33  3:46  Bunker  
  35  3:49  Siege Tank  
  39  4:01  Marine  
  41  4:06  Supply Depot  
  41  4:10  Marine  
  41  4:15  Medivac  
  46  4:20  Supply Depot  
  47  4:25  Siege Tank  
  55  4:38  Engineering Bay  
  60  4:55  Liberator  
  68  5:21  Barracks Tech Lab  
  68  5:23  Siege Tank  
  68  5:28  Barracks, Refinery  
  66  6:04  Siege Tank  
  66  6:11  Stimpack  
  67  6:14  Barracks x2  
  67  6:16  Refinery  
  67  6:20  Barracks Tech Lab  
  67  6:24  Starport Reactor  
  68  6:37  Siege Tank  
  74  6:49  Combat Shield  
  81  7:02  Missile Turret  
  81  7:04  Barracks Reactor, Barracks Tech Lab  
  81  7:12  Engineering Bay  
  81  7:13  Medivac  
  83  7:19  Marauder x3  
  90  7:31  Siege Tank  
  93  7:41  Marauder x2  
  101  7:56  Marauder  
  101  7:58  Missile Turret  
  103  8:00  Medivac  
  103  8:02  Marauder  
  108  8:08  Siege Tank  
  113  8:18  Marauder x2  
Spawning Tool Build Advisor. Get it on Overwolf

Go to:

Details

  • Created by: Kenosua
  • Published on: Dec 02, 2022
  • Modified on: Dec 02, 2022
  • Patch: 4.11.0
  • Difficulty: Hard
Show
View Real Time Build Order
Export as new Build Order

Comments (0)

There are no comments. Be the first!

Create an account to comment!